 Dungeon Crawl Stone Soup version 0.20.1-1-g8b1a95d (webtiles) character file.

80 Irenicus the Caller (level 4, -5/24 HPs)
             Began as a Tengu Summoner on Oct 13, 2017.
             Killed by divine providence
             ... invoked by an orc priest
              (12 damage)
             ... on level 4 of the Dungeon.
             The game lasted 00:08:52 (2826 turns).

Irenicus the Caller (Tengu Summoner)                Turns: 2826, Time: 00:08:52

Health: -5/24      AC:  4    Str: 10 (13) XL:     4   Next: 39%
Magic:  3/8        EV: 18    Int: 14 (15) God:
Gold:   154        SH:  0    Dex: 19 (21) Spells: 3/7 levels left

rFire    . . .     SeeInvis +   f - -3 dagger (curse)
rCold    . . .     Gourm    .   (no shield)
rNeg     . . .     Faith    .   a - +0 robe
rPois    .         Spirit   .   (helmet restricted)
rElec    .         Reflect  .   (no cloak)
rCorr    .         Harm     .   (no gloves)
MR       .....     Clarity  +   (boots unavailable)
Stlth    +++.......             u - amulet of regeneration (curse)
Regen    0.5/turn               p - ring of see invisible
MPRegen  0.2/turn               (no ring)

@: mighty, agile
A: beak, talons 3, yellow scales 1, clarity
a: no special abilities


You were on level 4 of the Dungeon.
You were near starving.

You visited 1 branch of the dungeon, and saw 5 of its levels.

You collected 154 gold pieces.

Inventory:

Hand Weapons
 f - a cursed -3 dagger (weapon)
Armour
 a - a +0 robe (worn)
 o - a +1 buckler
Jewellery
 p - a ring of see invisible (left hand)
 u - a cursed amulet of regeneration (around neck)
Wands
 v - a wand of acid (2/15)
Scrolls
 d - a scroll of amnesia
 g - 2 scrolls of immolation
 q - a scroll of noise {unknown}
 r - a scroll of teleportation
 s - a scroll of enchant armour
 t - 4 scrolls of identify
Potions
 e - a potion of haste
Books
 b - a book of Callings

   Spells                             Type                      Level
   a - Summon Small Mammal            Summoning                    1
   b - Call Imp                       Summoning                    2
   c - Call Canine Familiar           Summoning                    3
   d - Summon Guardian Golem          Hexes/Summoning              3
   e - Summon Lightning Spire         Summoning/Air                4
   f - Summon Ice Beast               Ice/Summoning                4
 w - a book of Minor Magic

   Spells                             Type                      Level
   a - Magic Dart                     Conjuration                  1
   b - Blink                          Translocation                2
   c - Call Imp                       Summoning                    2
   d - Slow                           Hexes                        2
   e - Conjure Flame                  Conjuration/Fire             3
   f - Mephitic Cloud                 Conjuration/Poison/Air       3
Comestibles
 c - 2 bread rations
 h - a fruit
 k - 2 meat rations


   Skills:
 - Level 2.1 Dodging
 - Level 2.0 Stealth
 - Level 2.0 Spellcasting
 + Level 6.9 Summonings


You had 3 spell levels left.
You knew the following spells:

 Your Spells              Type           Power        Failure   Level  Hunger
a - Summon Small Mammal   Summ           ###.         1%          1    ##.....
b - Call Canine Familiar  Summ           ###.....     4%          3    ####...


Dungeon Overview and Level Annotations

Branches:
Dungeon (5/15)
 Temple: D:4-7

Altars:
Makhleb


Innate Abilities, Weirdness & Mutations

You have a beak for a mouth.
You have claws for feet.
You are partially covered in yellow scales. (AC +2)
You possess an exceptional clarity of mind.


Message History

The orc priest hits your hound with a flail.
Your hound closely misses the orc priest.
You open the door.
You feel yourself slow down.
The orc priest hits your hound with a flail!
Your hound bites the orc priest but does no damage.
Your hound bites the orc priest.
The orc priest closely misses your hound.
There is an open door here.
Casting: Call Canine Familiar
Confirm with . or Enter, or press ? or * to list all spells.
Your hound disappears in a puff of smoke!
You swap places.
Your hound bites the orc priest.
The orc priest closely misses your hound.
Your hound bites the orc priest.
The orc priest mumbles some strange prayers to Beogh against you.
Beogh smites you!
Ouch! That really hurt!
You die...

............#
###########.##
#######
##..###.....######
#...........o..o.#
#..†.......h####.#
#......##....###.#
.................[.>#
#######.##...##.#####
#.##@####?# #..#.#
#.# ##...# #.# ..#.
#.# #.. . #?# #.. .#
?o# ... ##.#.# #...
#.[.# # #.#


You could see an orc priest and a friendly hound.

Vanquished Creatures
  An ooze (D:3)
  An adder skeleton (D:4)
  A worm (D:4)
  A dart slug (D:1)
  A leopard gecko (D:3)
  3 orcs
  A ball python (D:3)
  3 giant cockroaches
  2 goblins
  5 hobgoblins
  3 bats
  3 kobolds
  3 rats
28 creatures vanquished.

Vanquished Creatures (collateral kills)
  A jelly (D:5)
  A worker ant (D:4)
  2 worms (D:2)
  A leopard gecko (D:2)
  3 hobgoblins (D:2)
  A kobold (D:2)
  A quokka (D:4)
  A bat (D:3)
  A rat (D:1)
12 creatures vanquished.

Grand Total: 40 creatures vanquished

Notes
Turn   | Place    | Note
-------+----------+-------------------------------------------
     0 | D:1      | Irenicus the Tengu Summoner began the quest for the Orb.
     0 | D:1      | Reached XP level 1. HP: 10/10 MP: 4/4
    34 | D:1      | Reached skill level 5 in Summonings
    70 | D:1      | Reached XP level 2. HP: 9/15 MP: 6/6
   871 | D:2      | Found a faded altar of an unknown god.
  1304 | D:2      | Reached XP level 3. HP: 11/19 MP: 5/7
  1734 | D:3      | Reached skill level 6 in Summonings
  1821 | D:3      | Found a burning altar of Makhleb.
  2430 | D:3      | You fall through a shaft for 2 floors!
  2430 | D:5      | Entered Level 5 of the Dungeon
  2454 | D:5      | Noticed a scorpion
  2620 | D:4      | Learned a level 3 spell: Call Canine Familiar
  2704 | D:4      | Reached XP level 4. HP: 24/24 MP: 4/8
  2738 | D:5      | Noticed a sky beast
  2780 | D:4      | Gained mutation: You are partially covered in yellow scales. (AC +2) [potion of mutation]
  2780 | D:4      | Gained mutation: You are clumsy. (Dex -2) [potion of mutation]
  2780 | D:4      | Gained mutation: You possess an exceptional clarity of mind. [potion of mutation]
  2780 | D:4      | Lost mutation: You are clumsy. (Dex -2) [potion of mutation]
  2811 | D:4      | HP: 1/24 [orc wizard/magic dart (9)]
  2826 | D:4      | Killed from afar by an orc priest

Skill      XL: |  1  2  3 |
---------------+----------+-----
Summonings     | 5 6 |  6.9
Dodging        | |  2.1
Stealth        | |  2.0
Spellcasting   | |  2.0

Action                   |  1- 3 |  4- 6 || total
-------------------------+-------+-------++-------
Melee: Unarmed           |    14 |       ||    14
       Kick              |    29 |     4 ||    33
       Peck              |    13 |     2 ||    15
       Dagger            |   100 |    15 ||   115
 Cast: Summon Small Mamm |    51 |     1 ||    52
       Call Canine Famil |     1 |     5 ||     6
  Use: Scroll            |     7 |       ||     7
       Potion            |     3 |     8 ||    11
 Stab: Sleeping          |     6 |     1 ||     7
       Distracted        |     1 |       ||     1
  Eat: Chunk             |     6 |       ||     6
Armor: Robe              |    32 |     4 ||    36
Dodge: Dodged            |   101 |    23 ||   124
